 Dungeon Crawl Stone Soup version 0.24-a0-458-gfcb5e6da0e (webtiles) character file.

Game seed: 5232924712482792646

17 Ijustatesigmund the Skirmisher (level 2, -14/32 HPs)
             Began as an Ogre Hunter on June 27, 2019.
             Demolished by an orc warrior
             ... wielding a +0 dire flail
              (16 damage)
             ... on level 1 of the Dungeon.
             The game lasted 00:01:40 (795 turns).

Ijustatesigmund the Skirmisher (Ogre Hunter)         Turns: 795, Time: 00:01:41

Health: -14/32     AC:  3    Str: 20    XL:     2   Next: 62%
Magic:  2/2        EV: 10    Int: 12    God:
Gold:   80         SH:  0    Dex:  9    Spells: 1/1 levels left

rFire    . . .     SeeInvis .   a - +0 short sword
rCold    . . .     Gourm    .   (no shield)
rNeg     . . .     Faith    .   b - +0 robe
rPois    .         Spirit   .   (helmet restricted)
rElec    .         Reflect  .   (no cloak)
rCorr    .         Harm     .   (gloves unavailable)
MR       .....                  (boots unavailable)
Stlth    +.........             (no amulet)
HPRegen  0.10/turn              (no ring)
MPRegen  0.08/turn              (no ring)

@: mighty
A: large, unfitting armour, tough skin 1
a: no special abilities


You were on level 1 of the Dungeon.
You were not hungry.

You visited 1 branch of the dungeon, and saw 2 of its levels.

You collected 80 gold pieces.

Inventory:

Hand Weapons
 a - a +0 short sword (weapon)
Missiles
 c - 3 large rocks (quivered)
Armour
 b - a +0 robe (worn)
Potions
 g - 3 potions of curing
 j - a potion of haste {unknown}
 l - a potion of brilliance {unknown}
 n - a potion of heal wounds {unknown}
Comestibles
 f - 2 rations


   Skills:
 + Level 4.2 Fighting
 - Level 4.0 Throwing
 - Level 1.7 Dodging
 - Level 0.6 Stealth


You had one spell level left.
You didn't know any spells.
Your spell library was empty.

Dungeon Overview and Level Annotations

Branches:
Dungeon (2/15)

Altars:


Innate Abilities, Weirdness & Mutations

You are too large for most types of armour.
You have tough skin. (AC +1)


Message History

The orc warrior closely misses you. The orc warrior completely misses you.
There is a stone staircase leading up here.
You climb upwards.
There is a stone staircase leading down here.
You feel very mighty all of a sudden.
The orc warrior hits you with a +0 dire flail!!
Ouch! That really hurt!
* * * LOW HITPOINT WARNING * * *
You closely miss the orc warrior. The orc warrior completely misses you.
You hit the orc warrior but do no damage.
The orc warrior barely misses you.
You hit the orc warrior.
The orc warrior is lightly wounded.
The orc warrior closely misses you.
You closely miss the orc warrior.
The orc warrior is lightly wounded.
The orc warrior hits you with a +0 dire flail!
Ouch! That really hurt!
You die...

# #..##.# #.# # #
##.##.# #.# # #
##..#.####'## #
#.......>...# ##
# #.#...###...#
#. # #.##..#
#...#########.
#.##..#
#...........#.
#.###o#
#...........#.
#.# #@#
###.........#.
#.# #)#
#.........## #.#
#.# #.........#
#.###.#
###########
###########.....#
#..........######
########
#.....^[...#
#......# #
#..........#
#......# #
#..........#
#......######


You could see an orc warrior.

Vanquished Creatures
  A dart slug (D:1)
  A leopard gecko (D:1)
  A giant cockroach (D:1)
  2 goblins (D:1)
  3 jackals (D:1)
  A bat (D:1)
  2 frilled lizards (D:1)
  A kobold (D:1)
  2 rats
14 creatures vanquished.

Notes
Turn   | Place    | Note
-------+----------+-------------------------------------------
     0 | D:1      | Ijustatesigmund the Ogre Hunter began the quest for the
                  | Orb.
     0 | D:1      | Reached XP level 1. HP: 22/22 MP: 1/1
   215 | D:1      | Reached XP level 2. HP: 32/32 MP: 2/2
   775 | D:2      | Noticed an orc warrior
   791 | D:1      | HP: 1/32 [orc warrior/+0 dire flail (19)]
   795 | D:1      | Demolished by an orc warrior

Levels and vault maps discovered:
D:1:      dpeg_arrival_more_subterranean_lakeside_camping, layout_basic
D:2:      kb_forest_paths, layout_basic, uniq_terence, uniq_sigmund

Skill      XL: |  1  2 |
---------------+-------+-----
Fighting       | 3 4 |  4.2
Throwing       | |  4.0
Dodging        | |  1.7
Stealth        | |  0.6

Action                   || total
-------------------------++-------
Melee: Short sword       ||    54
Throw: Large rock        ||     2
       Throwing net      ||     2
  Use: Scroll            ||     5
       Potion            ||     1
Armor: Robe              ||    16
Dodge: Dodged            ||    33

Table legend:
 A = Non-vault XP
 B = Vault XP
 C = Vault XP percentage of total XP
 D = Non-vault monster count
 E = Vault monster count
 F = Vault count percentage of total count
                 A         B        C        D         E       F
            +---------+---------+-------+---------+---------+-------
      Total |      25 |       0 |   0.0 |      14 |       0 |   0.0
            +---------+---------+-------+---------+---------+-------
        D:1 |      24 |       0 |   0.0 |      13 |       0 |   0.0
        D:2 |       1 |       0 |   0.0 |       1 |       0 |   0.0
            +---------+---------+-------+---------+---------+-------
